 Dungeon Crawl Stone Soup version 0.20.1-1-g8b1a95d (webtiles) character file.

782 Peloso the Slasher (level 7, -1/63 HPs)
             Began as a Deep Dwarf Fighter on Aug 3, 2017.
             Was a Believer of Okawaru.
             Slain by a gnoll
             ... wielding a +2 spear of distortion
              (11 damage)
             ... on level 5 of the Dungeon.
             The game lasted 00:14:04 (3246 turns).

Peloso the Slasher (Deep Dwarf Fighter)             Turns: 3246, Time: 00:14:05

Health: -1/63      AC: 12    Str: 21    XL:     7   Next: 55%
Magic:  0/6        EV:  8    Int:  9    God:    Okawaru [**....]
Gold:   170        SH:  0    Dex: 16    Spells: 6/6 levels left

rFire    . . .     SeeInvis .   v - +7 great sword of Risism {slice, Dex+4}
rCold    . . .     Gourm    .   (shield currently unavailable)
rNeg     . . .     Faith    .   z - +0 chain mail {MR+}
rPois    .         Spirit   +   h - +1 helmet
rElec    .         Reflect  .   (no cloak)
rCorr    .         Harm     .   (no gloves)
MR       ++...                  (no boots)
Stlth    ..........             y - amulet of guardian spirit
Regen    0.0/turn               (no ring)
MPRegen  0.1/turn               (no ring)

@: non-regenerating
A: damage resistance, heal wounds, sense surroundings 1, no regeneration
a: Heal Wounds, Heroism, Renounce Religion


You were on level 5 of the Dungeon.
You worshipped Okawaru.
Okawaru was pleased with you.
You were not hungry.

You visited 1 branch of the dungeon, and saw 5 of its levels.
You also visited: Ossuary.

You collected 170 gold pieces.

Inventory:

Hand Weapons
 a - a +1 long sword
 u - a +1 war axe of electrocution
 v - the +7 great sword of Risism (weapon) {slice, Dex+4}
   (You found it on level 5 of the Dungeon)

   It inflicts extra damage upon your enemies.
   It affects your dexterity (+4).
Missiles
 k - 73 arrows
 l - 3 needles of sleeping
Armour
 c - a +0 shield
 h - a +1 helmet (worn)
 z - a +0 chain mail of magic resistance (worn)
Jewellery
 g - an uncursed amulet of magic regeneration
 y - an amulet of guardian spirit (around neck)
Wands
 q - a wand of iceblast (11/15)
 B - a wand of flame (13/48)
Scrolls
 m - 2 scrolls of teleportation
Potions
 b - 2 potions of magic
 d - 2 potions of might
 e - 2 potions of haste
 n - 2 potions of lignification {unknown}
 o - 3 potions of brilliance
 p - a potion of resistance {unknown}
 s - 3 potions of curing {unknown}
 t - a potion of heal wounds {unknown}
 x - 2 potions of ambrosia {unknown}
 A - 2 potions of degeneration {unknown}
 C - 2 potions of agility {unknown}
 D - a potion of berserk rage {unknown}
 H - a potion of flight {unknown}
Books
 r - a book of Frost

   Spells                             Type                      Level
   a - Freeze                         Ice                          1
   b - Throw Frost                    Conjuration/Ice              2
   c - Ozocubu's Armour               Charms/Ice                   3
   d - Throw Icicle                   Conjuration/Ice              4
   e - Summon Ice Beast               Ice/Summoning                4
Comestibles
 f - 2 bread rations
 j - 3 fruits
 w - 3 meat rations


   Skills:
 + Level 3.9 Fighting
 + Level 6.5 Long Blades
 + Level 5.1 Armour
 + Level 1.6 Dodging
 + Level 0.3 Stealth
 + Level 4.1 Shields
 + Level 0.3 Evocations


You had 6 spell levels left.
You didn't know any spells.

Dungeon Overview and Level Annotations

Branches:
Dungeon (5/15)             Temple (0/1) D:4

Altars:
Dithmenos
Makhleb
Okawaru
Sif Muna
Trog
Xom
Zin
The Shining One


Innate Abilities, Weirdness & Mutations

You are resistant to damage.
You can heal yourself by infusing magical energy.
You passively map a small area around you.
You do not regenerate.


Message History

* * * LOW HITPOINT WARNING * * *
The gnoll barely misses you. The gnoll hits you with a whip!
* * * LOW HITPOINT WARNING * * *
You struggle against the net.
The gnoll shouts!
The gnoll hits you but does no damage. x2; The gnoll hits you.
The worker ant bites you.
* * * LOW HITPOINT WARNING * * *
You rip the net and break free!
The gnoll closely misses you.
The worker ant bites you but does no damage.
The gnoll barely misses you. The gnoll completely misses you.
Unknown command.
You closely miss the gnoll. The gnoll barely misses you.
The worker ant bites you but does no damage.
The gnoll hits you but does no damage. x3
Unknown command.
You barely miss the gnoll.
The worker ant bites you but does no damage.
The gnoll hits you but does no damage. Space warps horribly around you!
You die...

....+ , #(.... ,,
....# , *#..... *
###....# *#.a...
###.....###'####...g.
,
.'.....#...........g
,#.....#.......>...g
* #.<...#.....##.....
*
'#.....#.....#####+#
+.@gg.#.....##....# *
,,*,
#agg..'...........# *
, #.....########....#
, , ,
##.......(...#....# ,
* #...........###'##
, ,#.................
#................. ,
,, .....#+#####....).
, , #............


You could see a worker ant and 4 gnolls.

Vanquished Creatures
  2 ogres (D:4)
  2 water moccasin zombies (Ossuary)
  A scorpion (D:3)
  A howler monkey (D:5)
  A hound (D:5)
  An orc priest (D:5)
  2 orc wizards (D:4)
  A worker ant (D:5)
  3 big kobold zombies (Ossuary)
  2 mummies (Ossuary)
  A worker ant zombie (D:5)
  3 adders
  A white imp (D:4)
  3 oozes
  3 adder zombies (Ossuary)
  4 worms
  2 dart slugs
  3 leopard geckos
  8 orcs
  3 giant cockroaches
  2 gnoll zombies (Ossuary)
  5 goblins
  7 hobgoblins
  8 jackals
  3 quokkas
  A ball python (D:1)
  7 bats
  3 frilled lizards
  2 goblin skeletons (D:4)
  10 hobgoblin zombies
  A jackal skeleton (D:4)
  7 kobolds
  12 kobold zombies
  An orc skeleton (D:4)
  5 orc zombies
  A quokka skeleton (D:4)
  5 rats
127 creatures vanquished.

Vanquished Creatures (others)
  4 toadstools (D:1)
4 creatures vanquished.

Grand Total: 131 creatures vanquished

Notes
Turn   | Place    | Note
-------+----------+-------------------------------------------
     0 | D:1      | Peloso the Deep Dwarf Fighter began the quest for the Orb.
     0 | D:1      | Reached XP level 1. HP: 20/20 MP: 1/1
   160 | D:1      | Reached XP level 2. HP: 27/27 MP: 2/2
   863 | D:1      | Reached XP level 3. HP: 28/34 MP: 3/3
   914 | D:2      | Found an iron altar of Okawaru.
   919 | D:2      | Became a worshipper of Warmaster Okawaru
  1118 | D:2      | Found a glowing golden altar of the Shining One.
  1379 | D:2      | Found a faded altar of an unknown god.
  1505 | D:3      | Noticed a scorpion
  1522 | D:3      | Killed a scorpion
  1522 | D:3      | Reached skill level 3 in Long Blades
  1522 | D:3      | Reached XP level 4. HP: 22/42 MP: 4/4
  1532 | D:3      | Found a bloodstained altar of Trog.
  1613 | D:3      | You fall through a shaft for 2 floors!
  1613 | D:5      | Entered Level 5 of the Dungeon
  1614 | D:5      | Found a shadowy altar of Dithmenos.
  1623 | D:5      | Reached XP level 5. HP: 8/49 MP: 5/5
  1719 | D:5      | Reached skill level 1 in Dodging
  1731 | D:5      | Got a faintly glowing great sword
  1737 | D:5      | Identified the +7 great sword of Risism {slice, Dex+4} (You found it on level 5 of the Dungeon)
  1833 | D:5      | Reached skill level 4 in Long Blades
  1851 | D:5      | Reached * piety under Okawaru
  1853 | D:5      | Reached XP level 6. HP: 31/56 MP: 6/6
  1899 | D:4      | Found a sand-covered staircase.
  1904 | Ossuary  | Entered an ossuary
  1972 | Ossuary  | Reached skill level 5 in Long Blades
  2062 | Ossuary  | Reached XP level 7. HP: 18/63 MP: 7/7
  2190 | D:4      | Found a shimmering altar of Xom.
  2240 | D:4      | Found a deep blue altar of Sif Muna.
  2281 | D:4      | Reached ** piety under Okawaru
  2281 | D:4      | Reached skill level 6 in Long Blades
  2749 | D:4      | Found a staircase to the Ecumenical Temple.
  2858 | D:4      | Found a glowing golden altar of the Shining One.
  2935 | D:4      | Reached skill level 5 in Armour
  2979 | D:4      | Found a burning altar of Makhleb.
  2979 | D:4      | Found a glowing silver altar of Zin.
  2985 | D:4      | Noticed an angel
  2985 | D:4      | Noticed a green death
  3246 | D:5      | Slain by a gnoll

Skill      XL: |  1  2  3  4  5  6  7 |
---------------+----------------------+-----
Fighting       | 3 |  3.9
Armour         | 4 5 |  5.1
Long Blades    | 3 4 5 6 |  6.5
Dodging        | 1 |  1.6
Shields        | 4 |  4.1
Stealth        | |  0.3
Evocations     | |  0.3

Action                   |  1- 3 |  4- 6 |  7- 9 || total
-------------------------+-------+-------+-------++-------
Melee: Long sword        |   138 |    69 |       ||   207
       Great sword       |       |    67 |    61 ||   128
 Abil: Heal Wounds       |       |     1 |     1 ||     2
Evoke: Wand              |       |       |     8 ||     8
  Use: Scroll            |     5 |     3 |     7 ||    15
  Eat: Chunk             |     2 |     2 |     4 ||     8
Armor: Scale mail        |    30 |       |       ||    30
       Chain mail        |    59 |    73 |    42 ||   174
Dodge: Dodged            |    41 |    33 |    23 ||    97
Block: Shield            |    83 |    31 |       ||   114
       Rpst.: Long sword |    15 |     4 |       ||    19
       Great sword       |       |     6 |     4 ||    10
